 Dungeon Crawl Stone Soup version 0.23.1-41-g7e51ed3 (webtiles) character file.

Game seed: 6576882769268602756

287 Borgoz the Bolt Thrower (level 6, -1/55 HPs)
             Began as a Kobold Hunter on Mar 29, 2019.
             Killed by divine providence
             ... invoked by an orc priest
              (13 damage)
             ... on level 4 of the Dungeon.
             The game lasted 00:08:31 (3400 turns).

Borgoz the Bolt Thrower (Kobold Hunter)             Turns: 3400, Time: 00:08:32

Health: -1/55      AC: 23    Str: 10    XL:     6   Next: 56%
Magic:  6/6        EV:  3    Int: 13    God:
Gold:   177        SH:  3    Dex: 21    Spells: 5/5 levels left

rFire    . . .     SeeInvis .   b - +1 short sword
rCold    . . .     Gourm    .   j - -2 buckler (curse)
rNeg     + + +     Faith    .   (armour currently unavailable)
rPois    +         Spirit   .   (helmet currently unavailable)
rElec    .         Reflect  .   (cloak currently unavailable)
rCorr    .         Harm     .   (gloves currently unavailable)
MR       .....     NoTele   +   (boots currently unavailable)
Stlth    ++++......             (no amulet)
HPRegen  0.18/turn              (no ring)
MPRegen  0.10/turn              (no ring)

@: agile, tree-form
A: small, carnivore
a: no special abilities


You were on level 4 of the Dungeon.
You were very full.
You were a tree.
You visited 1 branch of the dungeon, and saw 4 of its levels.

You collected 177 gold pieces.

Inventory:

Hand Weapons
 a - a +1 hand crossbow
 b - a +1 short sword (weapon)
Missiles
 d - 7 bolts
Armour
 c - a +0 leather armour (melded)
 j - a cursed -2 buckler (worn)
Jewellery
 e - an uncursed ring of protection from cold {unknown}
Wands
 n - a wand of enslavement (7)
 t - a wand of clouds (5)
Scrolls
 h - 3 scrolls of identify
 k - a scroll of fog {unknown}
 r - a scroll of remove curse {unknown}
Potions
 g - a potion of invisibility {unknown}
 i - a potion of haste {unknown}
 l - 2 potions of heal wounds {unknown}
 m - a potion of flight {unknown}
 o - 2 potions of agility
 p - a potion of lignification
 q - a potion of cancellation {unknown}
 s - 2 potions of curing
Comestibles
 f - 11 rations


   Skills:
 + Level 3.3 Fighting
 * Level 3.9 Short Blades
 - Level 5.0 Crossbows
 * Level 2.3 Armour
 + Level 3.5 Dodging
 + Level 3.5 Stealth


You had 5 spell levels left.
You didn't know any spells.
Your spell library was empty.

Dungeon Overview and Level Annotations

Branches:
Dungeon (4/15)
 Temple: D:4-7

Altars:
Fedhas
Nemelex Xobeh
Wu Jian


Innate Abilities, Weirdness & Mutations

You are small and have problems with some larger weapons.
You are carnivorous and can eat meat at any time.


Message History

You hit the orc priest but do no damage.
The orc priest is moderately wounded.
The orc priest hits you but does no damage.
You hit the orc priest.
The orc priest is heavily wounded.
The orc priest hits you but does no damage.
You barely miss the orc priest.
The orc priest is heavily wounded.
The orc priest mumbles some strange prayers to Beogh against you.
Beogh smites you!
* * * LOW HITPOINT WARNING * * *
You hit the orc priest.
The orc priest is severely wounded.
The orc priest hits you but does no damage.
The orc priest looks satisfied for a moment.
It was a potion of agility.
You feel agile all of a sudden.
The orc priest calls down the wrath of Beogh upon you.
Beogh smites you!
You die...

#.# #.# #.# #.# #
#o# # #o# # #o# #
#♣################
#...............##
###############.##
#.## #####.#.
#....... #.####..
#.# #.#


You could see 3 orc priests.

Vanquished Creatures
  A howler monkey (D:2)
  A bullfrog skeleton (D:4)
  A worker ant (D:2)
  A hound skeleton (D:4)
  4 gnolls (D:2)
  8 adders
  2 oozes
  2 worms
  2 leopard geckos
  An orc (D:4)
  2 ball pythons
  4 giant cockroaches
  4 goblins
  4 hobgoblins
  3 jackals (D:1)
  8 bats
  2 frilled lizards (D:2)
  8 kobolds
  6 rats
64 creatures vanquished.

Notes
Turn   | Place    | Note
-------+----------+-------------------------------------------
     0 | D:1      | Borgoz the Kobold Hunter began the quest for the Orb.
     0 | D:1      | Reached XP level 1. HP: 12/12 MP: 1/1
   126 | D:1      | Reached XP level 2. HP: 14/17 MP: 2/2
   166 | D:1      | Reached skill level 1 in Short Blades
   359 | D:1      | Reached XP level 3. HP: 22/22 MP: 3/3
   721 | D:2      | Reached skill level 1 in Armour
   937 | D:2      | Reached skill level 5 in Crossbows
  1073 | D:2      | Reached XP level 4. HP: 27/27 MP: 4/4
  1229 | D:2      | Reached XP level 5. HP: 31/31 MP: 5/5
  1600 | D:2      | Found an ornate altar of the Wu Jian Council.
  1820 | D:2      | Found a sparkling altar of Nemelex Xobeh.
  1977 | D:3      | Reached XP level 6. HP: 13/37 MP: 6/6
  2759 | D:3      | Found a blossoming altar of Fedhas.
  3400 | D:4      | Killed from afar by an orc priest

Skill      XL: |  1  2  3  4  5 |
---------------+----------------+-----
Short Blades   | 1 2 3 |  3.9
Armour         | 1 2 |  2.3
Stealth        | 2 3 |  3.5
Crossbows      | 5 |  5.0
Dodging        | 3 |  3.5
Fighting       | 3 |  3.3

Action                   |  1- 3 |  4- 6 || total
-------------------------+-------+-------++-------
Melee: Short sword       |       |   141 ||   141
 Fire: Hand crossbow     |    54 |    44 ||    98
  Use: Scroll            |       |     6 ||     6
       Potion            |       |     6 ||     6
 Stab: Sleeping          |       |     3 ||     3
  Eat: Chunk             |     3 |    12 ||    15
Armor: Leather armour    |     2 |    26 ||    28
       Skin              |       |     6 ||     6
Dodge: Dodged            |    10 |   106 ||   116
Block: Buckler           |     1 |    19 ||    20
